 Dungeon Crawl Stone Soup version 0.20-a0-823-gdec668e (webtiles) character file.

539 Devintownsend the Chopper (level 7, -2/67 HPs)
             Began as a Minotaur Fighter on Mar 4, 2017.
             Slain by an orc warrior
             ... wielding a +2 scimitar of electrocution
              (16 damage)
             ... on level 4 of the Dungeon.
             The game lasted 00:13:49 (3814 turns).

Devintownsend the Chopper (Minotaur Fighter)        Turns: 3814, Time: 00:13:50

Health: -2/67      AC:  9    Str: 22    XL:     7   Next: 5%
Magic:  6/6        EV:  7    Int:  5    God:
Gold:   172        SH:  9    Dex: 10    Spells: 6/6 levels left

rFire    + . .     SeeInvis .   a - +0 war axe
rCold    . . .     Gourm    .   r - +0 scale mail
rNeg     . . .     Faith    .   c - +0 shield
rPois    .         Spirit   .   (helmet unavailable)
rElec    .         Reflect  .   (no cloak)
rCorr    .         Harm     .   (no gloves)
MR       .....                  (no boots)
Stlth    ..........             (no amulet)
Regen    0.3/turn               (no ring)
MPRegen  0.1/turn               j - ring of protection from fire

@: no status effects
A: retaliatory headbutt, horns 3, yellow scales 1, robust 1
a: no special abilities


You were on level 4 of the Dungeon.
You were hungry.

You visited 1 branch of the dungeon, and saw 5 of its levels.
You also visited: Sewer.

You collected 172 gold pieces.

Inventory:

Hand Weapons
 a - a +0 war axe (weapon)
Armour
 b - a +0 scale mail
 c - a +0 shield (worn)
 r - a +0 scale mail (worn)
Jewellery
 j - a ring of protection from fire (left hand)
Scrolls
 e - 2 scrolls of remove curse
 h - a scroll of random uselessness {unknown}
 i - 3 scrolls of blinking {unknown}
 k - a scroll of recharging {unknown}
 l - 3 scrolls of enchant weapon {unknown}
 n - a scroll of teleportation {unknown}
 o - 4 scrolls of identify {unknown}
 s - a scroll of immolation {unknown}
 w - a scroll of fog {unknown}
Potions
 d - a potion of might
 g - 2 potions of degeneration {unknown}
 m - 2 potions of haste {unknown}
 q - 2 potions of magic
Books
 u - a book of Cantrips

   Spells                             Type                      Level
   a - Confusing Touch                Hexes                        1
   b - Animate Skeleton               Necromancy                   1
   c - Summon Small Mammal            Summoning                    1
   d - Apportation                    Translocation                1
Comestibles
 f - 6 bread rations
 p - 4 royal jellies
 t - 2 meat rations


   Skills:
 + Level 5.1 Fighting
 + Level 6.6 Axes
 + Level 6.2 Armour
 - Level 4.1 Shields


You had 6 spell levels left.
You didn't know any spells.

Dungeon Overview and Level Annotations

Branches:
Dungeon (5/15)
 Temple: D:4-7

Altars:
Hepliaklqana
Kikubaaqudgha
Xom
The Shining One

Annotations:
D:5 Dowan, Duvessa, Prince Ribbit


Innate Abilities, Weirdness & Mutations

You reflexively headbutt those who attack you in melee.
You have a pair of large horns on your head.
You are partially covered in yellow scales. (AC +2)
You are robust. (+10% HP)


Message History

The orc is moderately wounded.
You hit the orc warrior. You block the orc's attack.
You block the orc warrior's attack.
You slash the orc!
You kill the orc!
You closely miss the orc warrior.
The orc warrior hits you with a scimitar of electrocution.
* * * LOW HITPOINT WARNING * * *
Things that are here:
a trident; a scale mail; an orc corpse You completely miss the orc warrior.
The orc warrior is lightly wounded.
You block the orc warrior's attack.
You slash the orc warrior! You headbutt the orc warrior.
The orc warrior is severely wounded.
You block the orc warrior's attack.
You barely miss the orc warrior. Your headbutt misses the orc warrior.
The orc warrior is severely wounded.
The orc warrior hits you with a scimitar of electrocution!
You die...

...............#
#.#
#######...####.#
###.# #.....##
##.#####...#
#.#####
#........###
#≈≈§§≈#
#..#######
#≈###≈# #..#
#§#_#§# #..#
#§#'#≈#
#..######
#≈≈.§≈#
#.>o@...#
###.###
#.#####.# #.#
#.# #.# #.# #.#
#.# #.#### #.#
#.# #....#
#.#####.# ####.#
#.#.....# #.#
#.#.##### #.#
#.#.#


You could see an orc warrior.

Vanquished Creatures
  Purgy (Sewer)
  A black bear (D:4)
  A centaur (D:3)
  An orc wizard (D:4)
  An iguana (D:4)
  A river rat (D:3)
  10 adders
  An ooze (D:1)
  An adder skeleton (D:4)
  2 worms (D:3)
  6 dart slugs
  A leopard gecko (D:1)
  6 orcs (D:4)
  6 bats
  5 giant cockroaches
  6 goblins
  3 hobgoblins
  8 jackals (D:1)
  4 quokkas
  5 ball pythons
  8 frilled lizards
  4 kobolds
  10 rats
92 creatures vanquished.

Notes
Turn   | Place    | Note
-------+----------+-------------------------------------------
     0 | D:1      | Devintownsend the Minotaur Fighter began the quest for the Orb.
     0 | D:1      | Reached XP level 1. HP: 19/19 MP: 0/0
   187 | D:1      | Reached XP level 2. HP: 21/27 MP: 1/1
   709 | D:1      | Reached XP level 3. HP: 33/33 MP: 2/2
  1116 | D:2      | Reached XP level 4. HP: 9/40 MP: 3/3
  1451 | D:2      | Found an ancient bone altar of Kikubaaqudgha.
  1860 | D:2      | Gained mutation: You are robust. (+10% HP) [potion of mutation]
  1860 | D:2      | Gained mutation: You have a pair of large horns on your head. [potion of mutation]
  1860 | D:2      | Gained mutation: You are partially covered in yellow scales. (AC +2) [potion of mutation]
  1955 | D:3      | Found a glowing drain.
  2096 | D:3      | Noticed a centaur
  2121 | D:3      | HP: 1/45 [centaur (2)]
  2122 | D:3      | Killed a centaur
  2122 | D:3      | Reached skill level 5 in Axes
  2122 | D:3      | Reached skill level 5 in Armour
  2122 | D:3      | Reached XP level 5. HP: 1/51 MP: 4/4
  2346 | Sewer    | Entered a sewer
  2387 | Sewer    | Noticed Purgy
  2399 | Sewer    | Killed Purgy
  2399 | Sewer    | Reached XP level 6. HP: 39/58 MP: 5/5
  2875 | D:3      | Found a shimmering altar of Xom.
  2876 | D:3      | Found a hazy altar of Hepliaklqana.
  2876 | D:3      | Noticed a yak
  2877 | D:3      | Noticed a yak
  2877 | D:3      | Noticed a spectral ugly thing
  3488 | D:4      | Reached skill level 5 in Fighting
  3569 | D:4      | Found a glowing golden altar of the Shining One.
  3707 | D:4      | Reached XP level 7. HP: 63/67 MP: 6/6
  3772 | D:5      | Entered Level 5 of the Dungeon
  3772 | D:5      | Noticed Duvessa
  3772 | D:5      | Noticed Dowan
  3806 | D:5      | Noticed Prince Ribbit
  3814 | D:4      | Slain by an orc warrior

Vault maps used:
D:1:      lemuel_arrival_rhombus, minmay_tree_intersection, hex_medium
D:2:      kiku_gazebo_pond_becter, first_bread, kennysheep_boxes
D:3:      regret_index_temple_of_mockery, portal_sewer_entry_a, fountainhead
D:4:      black_bear_nest_1, kennysheep_mini_moat
D:5:      minmay_temple_entry_grid, serial_shops, nicolae_shop_statue_plus,
          fedhas_altar_4, uniq_prince_ribbit1, uniq_duvessa
Sewer:    sewer_co_purgy_island

Skill      XL: |  1  2  3  4  5  6 |
---------------+-------------------+-----
Armour         | 4 5 6 |  6.2
Fighting       | 4 5 |  5.1
Shields        | 4 |  4.1
Axes           | 3 5 6 |  6.6

Action                   |  1- 3 |  4- 6 |  7- 9 || total
-------------------------+-------+-------+-------++-------
Melee: War axe           |    74 |   147 |     9 ||   230
       Headbutt          |     8 |    28 |     2 ||    38
  Use: Potion            |       |     7 |       ||     7
       Scroll            |       |     1 |       ||     1
  Eat: Chunk             |       |     9 |       ||     9
Armor: Scale mail        |    31 |    92 |     3 ||   126
Dodge: Dodged            |    31 |    62 |     1 ||    94
Block: Shield            |    55 |    97 |     7 ||   159
